General information
- name: BNet
- type: Ladder team game (AT/RT)
- host: Battle.net
- saver: MORON-OF-4V4RT
map: GolemsInTheMist
- players: 8
- length: 58:30
- speed: Fast
- version: 1.26 W3XP
- replay type: Public
» download(282 KB)
Players
team 1 (loser)
Alivick (
yellow | 98 APM | 1864 actions | 19:01)
2 Death Knight
1 Death Coil
1 Death Pact
3 Lich
1 Frost Nova
2 Frost Armor
» actions
| Assign group hotkey | 37 | |
| Basic commands | 72 | |
| Build / train | 64 | |
| Enter build submenu | 16 | |
| Enter hero's abilities submenu | 5 | |
| Remove unit from queue | 1 | |
| Right click | 564 | |
| Select / deselect | 354 | |
| Select group hotkey | 619 | |
| Use ability | 132 | |
1864 total
» units
| Acolyte | 3 | |
| Ghoul | 2 | |
| Crypt Fiend | 10 | |
| Obsidian Statue | 4 | |
| Frost Wyrm | 2 | |
21 total
» upgrades
| Burrow | 1 | |
| Destroyer Form | 1 | |
| Freezing Breath | 1 | |
| Creature Attack | 1 | |
| Web | 1 | |
5 total
» buildings
| Crypt | 1 | |
| Ziggurat | 7 | |
| Altar of Darkness | 1 | |
| Graveyard | 1 | |
| Tomb of Relics | 1 | |
| Nerubian Tower | 1 | |
| Halls of the Dead | 1 | |
| Slaughterhouse | 1 | |
| Black Citadel | 1 | |
| Sacrificial Pit | 1 | |
| Spirit Tower | 1 | |
| Boneyard | 2 | |
19 total
» build order
00:32 Crypt
00:38 Ziggurat
00:51 Altar of Darkness
01:21 Graveyard
02:15 Tomb of Relics
02:34 Nerubian Tower
03:20 Ziggurat
03:33 Halls of the Dead
04:02 Ziggurat
06:24 Slaughterhouse
10:34 Black Citadel
11:54 Sacrificial Pit
11:56 Ziggurat
11:57 Ziggurat
12:33 Spirit Tower
12:57 Boneyard
12:58 Boneyard
15:04 Ziggurat
15:04 Ziggurat
» items
| Rod of Necromancy | 5 | |
| Potion of Mana | 3 | |
| Potion of Healing | 2 | |
| Scroll of Town Portal | 3 | |
| Orb of Corruption | 1 | |
14 total
dasleeper (
blue | 24 APM | 464 actions | 19:07)
3 Blademaster
2 Critical Strike
1 Wind Walk
» actions
| Build / train | 56 | |
| Enter build submenu | 34 | |
| Enter hero's abilities submenu | 3 | |
| Remove unit from queue | 2 | |
| Right click | 129 | |
| Select / deselect | 196 | |
| Use ability | 44 | |
464 total
» units
| Peon | 20 | |
| Grunt | 5 | |
| Troll Headhunter/Berserker | 6 | |
| Tauren | 12 | |
43 total
» upgrades
| Troll Regeneration | 1 | |
| Spiked Barricades | 2 | |
| Pulverize | 1 | |
| Melee Weapons | 1 | |
5 total
» buildings
| Altar of Storms | 1 | |
| Orc Burrow | 8 | |
| Barracks | 1 | |
| War Mill | 1 | |
| Stronghold | 1 | |
| Watch Tower | 12 | |
| Voodoo Lounge | 2 | |
| Fortress | 1 | |
| Tauren Totem | 3 | |
| Beastiary | 1 | |
31 total
» build order
00:13 Altar of Storms
00:20 Orc Burrow
01:24 Barracks
01:48 Orc Burrow
02:53 Orc Burrow
03:11 War Mill
03:36 Stronghold
04:36 Watch Tower
04:40 Watch Tower
04:54 Watch Tower
05:30 Orc Burrow
05:53 Watch Tower
05:59 Watch Tower
06:53 Voodoo Lounge
07:06 Fortress
08:55 Watch Tower
09:27 Watch Tower
09:36 Watch Tower
09:40 Watch Tower
09:45 Watch Tower
09:52 Watch Tower
09:59 Watch Tower
10:17 Tauren Totem
10:21 Tauren Totem
11:40 Tauren Totem
12:06 Orc Burrow
12:13 Orc Burrow
12:19 Orc Burrow
12:27 Orc Burrow
17:31 Voodoo Lounge
18:05 Beastiary

»
SerRoyce (
teal | 5 APM | 278 actions | 58:30)
2 Blood Mage
1 Flame Strike
1 Siphon Mana
» actions
| Build / train | 18 | |
| Enter build submenu | 18 | |
| Enter hero's abilities submenu | 2 | |
| Right click | 84 | |
| Select / deselect | 123 | |
| Use ability | 33 | |
278 total
» units
» upgrades
| Gunpowder | 1 | |
| Lumber Harvesting | 1 | |
2 total
» buildings
| Altar of Kings | 1 | |
| Farm | 6 | |
| Keep | 1 | |
| Blacksmith | 1 | |
| Lumber Mill | 1 | |
| Workshop | 2 | |
| Arcane Sanctum | 1 | |
| Town Hall | 1 | |
14 total
» build order
00:14 Altar of Kings
00:17 Farm
00:58 Farm
01:35 Farm
02:10 Keep
02:25 Farm
02:31 Blacksmith
03:16 Farm
04:25 Lumber Mill
04:47 Workshop
04:51 Workshop
05:59 Arcane Sanctum
06:03 Farm
06:54 Town Hall
MORON-OF-4V4RT (
green | 47 APM | 2761 actions | 58:30)
4 Warden
2 Shadow Strike
2 Blink
1 Keeper of the Grove
1 Entangling Roots
» actions
| Assign group hotkey | 59 | |
| Basic commands | 89 | |
| Build / train | 114 | |
| Enter build submenu | 36 | |
| Enter hero's abilities submenu | 5 | |
| Give item / drop item | 1 | |
| Remove unit from queue | 1 | |
| Right click | 1000 | |
| Select / deselect | 482 | |
| Select group hotkey | 839 | |
| Use ability | 135 | |
2761 total
» units
| Wisp | 62 | |
| Goblin Shredder | 1 | |
| Dryad | 5 | |
| Frost Wyrm | 2 | |
| Crypt Fiend | 2 | |
| Tauren | 1 | |
| Mountain Giant | 5 | |
78 total
» upgrades
| Nature's Blessing | 1 | |
| Ultravision | 1 | |
| Strength of the Wild | 3 | |
| Reinforced Hides | 3 | |
| Resistant Skin | 1 | |
| Hardened Skin | 1 | |
| Well Spring | 1 | |
| Druid of the Talon Training | 1 | |
12 total
» buildings
| Moon Well | 6 | |
| Altar of Elders | 1 | |
| Hunter's Hall | 1 | |
| Ancient Protector | 33 | |
| Tree of Ages | 3 | |
| Ancient of Wonders | 13 | |
| Tree of Eternity | 1 | |
| Ancient of War | 1 | |
| Ancient of Lore | 3 | |
| Tree of Life | 1 | |
| Ancient of Wind | 1 | |
64 total
» build order
00:13 Moon Well
00:20 Altar of Elders
01:34 Moon Well
01:39 Hunter's Hall
03:00 Ancient Protector
03:01 Ancient Protector
03:01 Ancient Protector
03:06 Ancient Protector
04:31 Tree of Ages
04:31 Tree of Ages
04:36 Ancient Protector
04:38 Ancient Protector
07:02 Ancient of Wonders
07:02 Ancient of Wonders
07:03 Ancient of Wonders
07:03 Ancient of Wonders
07:04 Ancient of Wonders
07:08 Ancient of Wonders
07:12 Ancient of Wonders
07:13 Ancient of Wonders
09:05 Ancient of Wonders
09:06 Ancient of Wonders
09:07 Ancient of Wonders
09:11 Ancient of Wonders
09:40 Ancient of Wonders
11:27 Ancient Protector
11:27 Ancient Protector
11:29 Ancient Protector
11:29 Ancient Protector
11:34 Ancient Protector
11:35 Ancient Protector
11:35 Ancient Protector
12:15 Tree of Eternity
12:18 Moon Well
12:20 Moon Well
12:22 Moon Well
12:27 Moon Well
13:55 Ancient Protector
14:18 Ancient of War
14:24 Ancient of Lore
15:37 Ancient Protector
15:37 Ancient Protector
15:38 Ancient Protector
16:00 Ancient Protector
16:04 Ancient Protector
16:20 Ancient Protector
16:28 Ancient Protector
17:02 Ancient Protector
17:04 Ancient Protector
19:47 Tree of Life
19:49 Ancient Protector
19:49 Ancient Protector
19:51 Ancient Protector
19:56 Ancient Protector
24:22 Ancient Protector
24:23 Ancient Protector
24:47 Ancient Protector
25:55 Ancient Protector
25:58 Ancient Protector
26:47 Ancient of Lore
28:06 Ancient of Lore
41:50 Ancient of Wind
» items
| Scroll of Town Portal | 5 | |
| Orb of Venom | 1 | |
| Potion of Healing | 1 | |
| Dust of Appearance | 1 | |
8 total
team 2 (winner)
DarKNeSS-CaLLs (
pink | 130 APM | 7594 actions | 58:30)
7 Death Knight
3 Death Coil
3 Unholy Aura
1 Animate Dead
5 Lich
3 Frost Nova
2 Frost Armor
5 Dreadlord
2 Sleep
3 Carrion Swarm
» actions
| Assign group hotkey | 45 | |
| Basic commands | 567 | |
| Build / train | 161 | |
| ESC pressed | 4 | |
| Enter build submenu | 86 | |
| Enter hero's abilities submenu | 17 | |
| Give item / drop item | 8 | |
| Right click | 2736 | |
| Select / deselect | 922 | |
| Select group hotkey | 2708 | |
| Use ability | 340 | |
7594 total
» units
| Acolyte | 37 | |
| Ghoul | 2 | |
| Crypt Fiend | 5 | |
| Goblin Shredder | 1 | |
| Goblin Zeppelin | 2 | |
| Frost Wyrm | 5 | |
| Gargoyle | 4 | |
56 total
» upgrades
| Creature Attack | 3 | |
| Freezing Breath | 1 | |
| Destroyer Form | 1 | |
| Creature Carapace | 3 | |
| Web | 1 | |
| Stone Form | 1 | |
10 total
» buildings
| Graveyard | 1 | |
| Crypt | 5 | |
| Ziggurat | 60 | |
| Altar of Darkness | 1 | |
| Tomb of Relics | 4 | |
| Nerubian Tower | 22 | |
| Halls of the Dead | 1 | |
| Spirit Tower | 33 | |
| Black Citadel | 1 | |
| Sacrificial Pit | 2 | |
| Slaughterhouse | 1 | |
| Necropolis | 10 | |
| Boneyard | 3 | |
144 total
» build order
00:17 Graveyard
00:20 Crypt
00:48 Ziggurat
01:07 Altar of Darkness
02:04 Tomb of Relics
02:07 Ziggurat
02:10 Nerubian Tower
02:11 Nerubian Tower
02:11 Nerubian Tower
04:40 Ziggurat
05:38 Halls of the Dead
06:40 Nerubian Tower
06:41 Ziggurat
06:44 Ziggurat
07:35 Spirit Tower
07:35 Spirit Tower
07:36 Spirit Tower
07:38 Ziggurat
08:05 Black Citadel
08:19 Spirit Tower
08:20 Sacrificial Pit
08:22 Sacrificial Pit
08:26 Slaughterhouse
08:40 Spirit Tower
09:38 Necropolis
09:59 Ziggurat
10:32 Boneyard
10:35 Boneyard
10:36 Boneyard
11:03 Spirit Tower
13:24 Ziggurat
14:47 Crypt
14:48 Crypt
14:49 Crypt
14:50 Crypt
14:52 Spirit Tower
14:55 Necropolis
16:19 Necropolis
19:43 Ziggurat
19:43 Ziggurat
21:20 Spirit Tower
21:21 Spirit Tower
26:55 Necropolis
28:20 Ziggurat
28:21 Ziggurat
28:22 Ziggurat
28:22 Ziggurat
28:23 Ziggurat
28:23 Ziggurat
30:46 Tomb of Relics
31:13 Nerubian Tower
31:15 Spirit Tower
31:15 Spirit Tower
31:15 Spirit Tower
31:16 Spirit Tower
33:46 Ziggurat
33:47 Ziggurat
33:47 Ziggurat
33:49 Ziggurat
33:50 Ziggurat
34:54 Spirit Tower
34:54 Spirit Tower
34:55 Spirit Tower
34:55 Spirit Tower
34:55 Spirit Tower
35:22 Necropolis
35:50 Necropolis
35:51 Necropolis
35:52 Necropolis
35:54 Necropolis
36:40 Necropolis
38:01 Ziggurat
38:04 Tomb of Relics
39:05 Tomb of Relics
40:10 Ziggurat
40:11 Ziggurat
40:11 Ziggurat
40:12 Ziggurat
40:13 Ziggurat
40:36 Ziggurat
40:38 Ziggurat
40:42 Ziggurat
40:43 Ziggurat
40:46 Ziggurat
40:47 Ziggurat
40:49 Ziggurat
41:04 Nerubian Tower
41:04 Spirit Tower
41:10 Spirit Tower
41:11 Spirit Tower
41:12 Spirit Tower
41:30 Nerubian Tower
41:30 Spirit Tower
41:33 Spirit Tower
41:35 Spirit Tower
41:35 Spirit Tower
41:37 Spirit Tower
41:37 Spirit Tower
41:39 Spirit Tower
41:40 Spirit Tower
41:40 Spirit Tower
41:41 Spirit Tower
42:28 Ziggurat
42:40 Ziggurat
42:51 Ziggurat
42:52 Ziggurat
42:56 Ziggurat
43:16 Ziggurat
43:33 Nerubian Tower
43:46 Ziggurat
43:55 Nerubian Tower
43:56 Nerubian Tower
44:10 Nerubian Tower
44:10 Nerubian Tower
44:14 Ziggurat
44:46 Nerubian Tower
44:47 Ziggurat
44:51 Ziggurat
44:53 Ziggurat
45:04 Nerubian Tower
45:07 Ziggurat
45:15 Ziggurat
45:24 Ziggurat
45:31 Ziggurat
45:42 Ziggurat
45:43 Ziggurat
46:03 Nerubian Tower
46:03 Nerubian Tower
46:05 Ziggurat
46:09 Nerubian Tower
46:14 Ziggurat
46:17 Ziggurat
46:19 Ziggurat
46:27 Ziggurat
46:37 Nerubian Tower
46:38 Nerubian Tower
46:39 Ziggurat
46:44 Nerubian Tower
46:49 Ziggurat
46:59 Ziggurat
47:51 Nerubian Tower
47:52 Ziggurat
» items
| Rod of Necromancy | 4 | |
| Sacrificial Skull | 1 | |
| Orb of Corruption | 2 | |
| Scroll of Healing | 1 | |
| Scroll of Town Portal | 8 | |
16 total

»
Kaboose (
purple | 36 APM | 2077 actions | 58:30)
6 Blademaster
2 Wind Walk
3 Critical Strike
1 Bladestorm
» actions
| Assign group hotkey | 13 | |
| Basic commands | 164 | |
| Build / train | 55 | |
| Enter build submenu | 22 | |
| Enter hero's abilities submenu | 6 | |
| Right click | 526 | |
| Select / deselect | 201 | |
| Select group hotkey | 1015 | |
| Use ability | 75 | |
2077 total
» units
| Peon | 6 | |
| Grunt | 10 | |
| Goblin Shredder | 1 | |
| Tauren | 5 | |
| Shaman | 5 | |
27 total
» upgrades
| Pillage | 1 | |
| Armor | 3 | |
| Melee Weapons | 3 | |
| Shaman Training | 2 | |
| Reinforced Defenses | 1 | |
| Pulverize | 1 | |
11 total
» buildings
| Altar of Storms | 1 | |
| Orc Burrow | 9 | |
| Barracks | 1 | |
| Voodoo Lounge | 1 | |
| War Mill | 1 | |
| Stronghold | 1 | |
| Fortress | 1 | |
| Spirit Lodge | 1 | |
| Tauren Totem | 2 | |
| Watch Tower | 5 | |
23 total
» build order
00:08 Altar of Storms
00:12 Orc Burrow
00:35 Barracks
01:41 Orc Burrow
02:14 Voodoo Lounge
02:26 War Mill
05:02 Orc Burrow
05:21 Stronghold
06:30 Orc Burrow
08:58 Fortress
09:01 Spirit Lodge
11:58 Tauren Totem
12:11 Tauren Totem
13:20 Orc Burrow
14:00 Orc Burrow
14:04 Orc Burrow
14:37 Watch Tower
14:46 Watch Tower
15:18 Orc Burrow
15:22 Orc Burrow
15:29 Watch Tower
16:07 Watch Tower
16:12 Watch Tower
» items
| Healing Salve | 4 | |
| Lesser Clarity Potion | 1 | |
| Scroll of Speed | 1 | |
| Orb of Lightning | 1 | |
| Scroll of Town Portal | 1 | |
8 total

»
SlAuGhTeR_mAn (
orange | 19 APM | 1122 actions | 58:30)
4 Demon Hunter
2 Immolation
2 Mana Burn
» actions
| Basic commands | 15 | |
| Build / train | 55 | |
| Enter build submenu | 17 | |
| Enter hero's abilities submenu | 4 | |
| Remove unit from queue | 2 | |
| Right click | 538 | |
| Select / deselect | 443 | |
| Use ability | 46 | |
1122 total
» units
| Wisp | 13 | |
| Archer | 6 | |
| Huntress | 3 | |
| Dryad | 12 | |
| Druid of the Claw | 4 | |
38 total
» upgrades
| Abolish Magic | 1 | |
| Strength of the Wild | 2 | |
| Reinforced Hides | 2 | |
| Druid of the Claw Training | 2 | |
| Mark of the Claw | 1 | |
8 total
» buildings
| Ancient of War | 1 | |
| Altar of Elders | 1 | |
| Moon Well | 7 | |
| Hunter's Hall | 1 | |
| Tree of Ages | 1 | |
| Ancient of Lore | 2 | |
| Tree of Eternity | 1 | |
| Tree of Life | 1 | |
15 total
» build order
01:19 Ancient of War
01:23 Altar of Elders
01:28 Moon Well
01:31 Moon Well
02:50 Moon Well
03:22 Hunter's Hall
04:09 Tree of Ages
04:16 Moon Well
06:33 Ancient of Lore
06:35 Ancient of Lore
06:38 Moon Well
08:22 Moon Well
09:22 Tree of Eternity
11:43 Moon Well
21:20 Tree of Life
FiendManLOL (
red | 24 APM | 1196 actions | 48:52)
6 Death Knight
3 Death Coil
2 Unholy Aura
1 Animate Dead
3 Crypt Lord
2 Impale
1 Spiked Carapace
» actions
| Assign group hotkey | 36 | |
| Basic commands | 1 | |
| Build / train | 40 | |
| Enter build submenu | 14 | |
| Enter hero's abilities submenu | 9 | |
| Right click | 770 | |
| Select / deselect | 207 | |
| Select group hotkey | 58 | |
| Use ability | 61 | |
1196 total
» units
| Acolyte | 7 | |
| Ghoul | 4 | |
| Crypt Fiend | 6 | |
| Goblin Shredder | 1 | |
| Frost Wyrm | 3 | |
21 total
» upgrades
| Web | 1 | |
| Creature Attack | 2 | |
| Freezing Breath | 1 | |
4 total
» buildings
| Ziggurat | 8 | |
| Altar of Darkness | 1 | |
| Crypt | 2 | |
| Graveyard | 1 | |
| Tomb of Relics | 1 | |
| Halls of the Dead | 1 | |
| Black Citadel | 1 | |
| Sacrificial Pit | 1 | |
| Boneyard | 2 | |
| Spirit Tower | 1 | |
19 total
» build order
00:32 Ziggurat
00:53 Altar of Darkness
00:56 Crypt
01:06 Graveyard
01:25 Crypt
01:51 Tomb of Relics
02:03 Ziggurat
02:59 Ziggurat
04:09 Halls of the Dead
06:28 Ziggurat
06:29 Ziggurat
06:30 Ziggurat
07:00 Black Citadel
08:55 Sacrificial Pit
09:48 Boneyard
09:49 Boneyard
09:52 Ziggurat
09:59 Ziggurat
20:48 Spirit Tower
» items
Chat log
(00:45 / All) MORON-OF-4V4RT: who wants to see the shredder-merry-go-round!!!
(00:56 / All) DarKNeSS-CaLLs: Seen it
(01:19 / All) MORON-OF-4V4RT: it takes too long anyways, like 2 hours
(01:24 / All) DarKNeSS-CaLLs: Would prefer simcity instead
(01:56 / All) DarKNeSS-CaLLs: no i didnt
(02:42 / All) MORON-OF-4V4RT: who here loves diablo 3
(05:06 / All) MORON-OF-4V4RT: i vaguely remember when this map had a tavern in middle and 5 useless creeps protecting it
(06:35 / Allies) Alivick: get shop plz
(07:03 / All) DarKNeSS-CaLLs: that was cute
(07:06 / All) DarKNeSS-CaLLs: "rojo lets make a gogo"
(08:00 / All) DarKNeSS-CaLLs: i dont think my team needs me
(08:23 / All) MORON-OF-4V4RT: yellow will pull it out
(08:40 / All) MORON-OF-4V4RT: i would have more passion this game but ive been palying all day long, i need to watch some family guy
(08:58 / Allies) Alivick: ????
(10:00 / All) MORON-OF-4V4RT: woo hoo, somebody left an exp tome
(10:34 / Allies) dasleeper: ty
(10:41 / Allies) dasleeper: wood plz?
(11:44 / All) MORON-OF-4V4RT: slaughter man!
(14:28 / Allies) Alivick: lumber
(15:05 / All) Kaboose: what is with your team and towers?
(15:24 / All) MORON-OF-4V4RT: don't underestimate the power of the tower
(15:32 / Allies) Alivick: come orc
(15:33 / Allies) Alivick: plz
(15:34 / Allies) Alivick: faz
(15:36 / Allies) Alivick: fast
(15:38 / All) Kaboose: i respect the tower bro
(16:41 / All) DarKNeSS-CaLLs: this map really needs more creeps
(18:08 / Allies) dasleeper: gold plz
(18:34 / All) Alivick: 3 noob
(18:37 / All) MORON-OF-4V4RT: damn red, u got this coming
(18:41 / All) Alivick: in my team
(18:59 / All) MORON-OF-4V4RT: lolz
(19:08 / All) MORON-OF-4V4RT: oh yea yellow, leave right it when happens
(19:10 / All) MORON-OF-4V4RT: idiot team
(19:57 / All) MORON-OF-4V4RT: gold teal?
(24:11 / All) FiendManLOL: gg
(24:43 / All) MORON-OF-4V4RT: gg?
(25:33 / All) MORON-OF-4V4RT: come at me purple
(25:38 / All) DarKNeSS-CaLLs: im trying to tell him this
(25:43 / All) DarKNeSS-CaLLs: he either attacks you, or I kill his army
(25:50 / All) DarKNeSS-CaLLs: make your decision pup
(25:53 / All) DarKNeSS-CaLLs: ok fine
(25:56 / All) DarKNeSS-CaLLs: lets go
(26:16 / All) SlAuGhTeR_mAn: hahahaha
(27:29 / All) DarKNeSS-CaLLs: I'll let the wells live
(27:30 / All) DarKNeSS-CaLLs: I might need them
(27:31 / All) MORON-OF-4V4RT: come at me purple
(27:33 / All) Kaboose: anyone else things pink got picked on as a kid?
(27:36 / All) DarKNeSS-CaLLs: purples army is gone
(27:42 / All) DarKNeSS-CaLLs: i warned him
(27:56 / All) Kaboose: Haha you warned me?
(27:57 / All) MORON-OF-4V4RT: why do u think pink got bullied as a kid, purple?
(28:27 / All) DarKNeSS-CaLLs: has blue expanded
(28:33 / All) Kaboose: Well it might be that stick shoved up his ass
(28:35 / All) MORON-OF-4V4RT: blue left its just teal
(28:40 / All) Kaboose: never got it out
(28:55 / All) Kaboose: it was probably prickly
(29:01 / All) DarKNeSS-CaLLs: why are you so angry
(29:22 / All) Kaboose: Im not expriencing anger
(29:32 / All) Kaboose: Pity?
(29:33 / All) MORON-OF-4V4RT: i dominated u guys 1v4, purple take that and put it into ur stocking
(29:45 / All) FiendManLOL: green u suck
(29:53 / All) Kaboose: haha i love stockings
(30:01 / All) MORON-OF-4V4RT: that will keep me up at night red
(30:34 / All) Kaboose: OJ IS HELPING YOU
(30:38 / All) DarKNeSS-CaLLs: no he isnt
(30:42 / All) DarKNeSS-CaLLs: he was gonna stab my expnasion
(30:49 / All) Kaboose: no he wasnt
(30:57 / All) DarKNeSS-CaLLs: hes trying to rez his hero too
(31:06 / All) DarKNeSS-CaLLs: thats a provocative action
(31:21 / All) DarKNeSS-CaLLs: ill keep the wells
(31:23 / All) DarKNeSS-CaLLs: might need them
(31:29 / All) Kaboose: How dare you oj
(31:51 / Allies) SerRoyce: ur still alive? wtf lol
(31:55 / All) DarKNeSS-CaLLs: if only i had a TP staff
(31:56 / All) DarKNeSS-CaLLs: stupid map
(32:04 / All) DarKNeSS-CaLLs: orange dryads
(32:17 / All) Kaboose: peon killer
(32:24 / All) MORON-OF-4V4RT: no u
(32:44 / All) SerRoyce: how come u guys havent buttrape green?
(32:48 / All) MORON-OF-4V4RT: i miss the ole days of clan fewa when 20+ people searched to do idle hero
(32:54 / All) MORON-OF-4V4RT: these guys dont even know they are being hoaxed
(33:22 / All) SlAuGhTeR_mAn: oh u got us mister
(33:58 / All) DarKNeSS-CaLLs: Purple!
(33:59 / All) DarKNeSS-CaLLs: backstabber
(34:02 / All) DarKNeSS-CaLLs: gonna report you buddy
(34:08 / All) Kaboose: Pink stay at my base im on my way
(34:12 / All) MORON-OF-4V4RT: making my email description out now, purple
(34:34 / All) DarKNeSS-CaLLs: red just said he has a friend at blizzard
(34:37 / All) DarKNeSS-CaLLs: hes gonna get me banned
(34:41 / All) MORON-OF-4V4RT: lolz
(34:46 / All) Kaboose: your in trouble mister
(35:32 / All) MORON-OF-4V4RT: dorian 12 plays so many gaems
(36:00 / All) DarKNeSS-CaLLs: he never gets better though its sad
(36:21 / All) MORON-OF-4V4RT: i sweawr he only had 98 wins and 105 loses 2 nights ago, he already played like 50 games
(36:55 / All) DarKNeSS-CaLLs: how do I stop a blademaster without a tele staff
(37:06 / All) Kaboose: you ask nicely
(37:08 / All) MORON-OF-4V4RT: just outsmart him, this map and friends can be trickier
(37:10 / All) DarKNeSS-CaLLs: oh
(37:42 / All) DarKNeSS-CaLLs: nah he went west
(37:51 / All) Kaboose: north
(37:55 / All) Kaboose: south east
(37:59 / All) Kaboose: northwest
(38:02 / All) Kaboose: northsouth
(38:59 / All) DarKNeSS-CaLLs: damnit
(39:01 / All) Kaboose: SO CLOSE
(39:03 / All) DarKNeSS-CaLLs: hes faster than the frost can slow
(39:33 / All) SlAuGhTeR_mAn: hahahaha
(39:41 / All) MORON-OF-4V4RT: where he at orange
(39:48 / All) SlAuGhTeR_mAn: my wells
(39:57 / All) SlAuGhTeR_mAn: now going to pinks base
(40:18 / All) SlAuGhTeR_mAn: middle
(40:23 / All) SlAuGhTeR_mAn: going down right side
(40:29 / All) Kaboose: left
(41:14 / All) Kaboose: mgs realy?
(41:25 / All) MORON-OF-4V4RT: need to kill pink's worms, mg's are aa, right?
(41:34 / All) SlAuGhTeR_mAn: yessir
(41:51 / All) Kaboose: I think i should call the doctor
(42:10 / All) Kaboose: cause i got all this wood
(42:33 / All) DarKNeSS-CaLLs: i will place blight all over the map
(43:11 / All) MORON-OF-4V4RT: die red, who is pretending to be afk guy
(43:21 / All) DarKNeSS-CaLLs: ill just cold tower the entire map
(43:24 / All) DarKNeSS-CaLLs: soon you wont escape
(45:51 / All) DarKNeSS-CaLLs: 2/3 health
(46:18 / All) SlAuGhTeR_mAn: keep chasing
(46:21 / All) SlAuGhTeR_mAn: almost out of mana
(46:23 / All) DarKNeSS-CaLLs: I will
(46:37 / All) SlAuGhTeR_mAn: get him pink
(46:39 / All) SlAuGhTeR_mAn: woooooo
(46:42 / All) SlAuGhTeR_mAn: u can do it
(46:48 / All) SlAuGhTeR_mAn: pinks and yours
(46:50 / All) SlAuGhTeR_mAn: hahahahaha
(47:04 / All) MORON-OF-4V4RT: if one of u fed me good intel i could slow him down
(47:13 / All) DarKNeSS-CaLLs: dead
(47:16 / All) SlAuGhTeR_mAn: hahahaha
(47:17 / All) MORON-OF-4V4RT: lolz
(47:30 / All) DarKNeSS-CaLLs: Good question
(47:32 / All) Kaboose: RIP BLADEMASTER
(47:33 / All) DarKNeSS-CaLLs: my ally asked "now what?"
(47:35 / All) SlAuGhTeR_mAn: pink kills himself
(47:37 / All) MORON-OF-4V4RT: kaboose is a very familiar name
(47:40 / All) MORON-OF-4V4RT: let me check the archives
(47:41 / All) DarKNeSS-CaLLs: thats a possiblity
(47:49 / All) MORON-OF-4V4RT: kaboose may have been a victim of mine
(47:58 / All) SlAuGhTeR_mAn: can their be draws
(47:59 / All) SlAuGhTeR_mAn: lol
(48:00 / All) Kaboose: check yo sister's phone book
(48:07 / All) SlAuGhTeR_mAn: both side has no units and no money
(48:16 / All) DarKNeSS-CaLLs: ive got plenty of money nigga
(48:21 / All) FiendManLOL: D
(48:22 / All) FiendManLOL: D
(48:22 / All) FiendManLOL: D
(48:22 / All) FiendManLOL: D
(48:23 / All) FiendManLOL: D
(48:23 / All) FiendManLOL: D
(48:24 / All) FiendManLOL: D
(48:24 / All) FiendManLOL: D
(48:24 / All) FiendManLOL: D
(48:25 / All) FiendManLOL: D
(48:25 / All) Kaboose: it was worth a try
(48:26 / All) FiendManLOL: D
(48:26 / All) DarKNeSS-CaLLs: calm down
(48:26 / All) FiendManLOL: D
(48:27 / All) FiendManLOL: D
(48:28 / All) FiendManLOL: D
(48:28 / All) FiendManLOL: D
(48:28 / All) FiendManLOL: D
(48:29 / All) FiendManLOL: D
(49:17 / All) MORON-OF-4V4RT: "yea i wont alt tab again
(49:40 / All) DarKNeSS-CaLLs: whats up with your ally btw
(49:45 / All) DarKNeSS-CaLLs: he afk?
(49:52 / All) MORON-OF-4V4RT: he hasn't said anything, he was feeding me gold earlier
(50:00 / All) MORON-OF-4V4RT: he claimed he was afk and said "wtf ur still alive"
(50:38 / All) Kaboose: So where you guys from?
(50:46 / All) MORON-OF-4V4RT: califnornia
(50:52 / All) SlAuGhTeR_mAn: lenexa kansas
(50:54 / All) Kaboose: Ah
(51:01 / All) Kaboose: i heard its falling off America
(51:04 / All) MORON-OF-4V4RT: i live in a mexican city, fresno
(51:06 / All) Kaboose: whats your take
(52:00 / All) Kaboose: need help pink?
(53:18 / All) Kaboose: I dont get it
(53:24 / All) SlAuGhTeR_mAn: ???
(53:24 / All) Kaboose: You guys arent friends right?
(53:27 / All) SlAuGhTeR_mAn: what dont u get
(53:29 / All) DarKNeSS-CaLLs: i dont evem know this man
(53:38 / All) SlAuGhTeR_mAn: bullshit
(53:50 / All) MORON-OF-4V4RT: pink sucks ill own his worms watch me u 2
(53:54 / All) Kaboose: Well you should get his number
(54:10 / All) Kaboose: i donno they fly pretty fast
(54:14 / All) Kaboose: ask my bm
(54:46 / All) Kaboose: its like a reenactment of the second lord of the rings
(54:53 / All) SlAuGhTeR_mAn: HAHAHAHA
(54:56 / All) MORON-OF-4V4RT: two towers is awesome
(54:57 / All) Kaboose: except sermon wins
(55:08 / All) Kaboose: and some how the ud figured out how to fly
(55:23 / All) MORON-OF-4V4RT: ok listen up
(55:32 / All) Kaboose: DRAW
(55:32 / All) MORON-OF-4V4RT: everybody listen up
(55:36 / All) MORON-OF-4V4RT: this is a mexican standoff
(55:44 / All) MORON-OF-4V4RT: no units will be left on both sides, and only one building on each side
(55:50 / All) MORON-OF-4V4RT: person with the best internet connection wins
(55:54 / All) MORON-OF-4V4RT: or whoever leaves last
(56:06 / All) MORON-OF-4V4RT: its orange and purple vs teal
(56:11 / All) Kaboose: Well thats unfiar
(56:17 / All) Kaboose: you have two buildings
(56:23 / All) MORON-OF-4V4RT: pink, the stranger, and me, the stranger, will leave the game in a few seconds
(56:53 / All) MORON-OF-4V4RT: good luck gentlemen
(57:02 / All) MORON-OF-4V4RT: lets make this a 50 hour+ game
(58:00 / All) Kaboose: wel this shit aint entertaining to watch
(58:08 / All) MORON-OF-4V4RT: standoffs are about pride
(58:11 / All) MORON-OF-4V4RT: not entertainment
(58:17 / All) Kaboose: has left the game
(58:23 / All) DarKNeSS-CaLLs: Wish you gentlemen luck, the person who is the most patient is the winner
(58:27 / All) MORON-OF-4V4RT: GL